 Dungeon Crawl Stone Soup version 0.20.1-1-g8b1a95d (webtiles) character file.

78 vishdafish the Shooter (level 4, -2/37 HPs)
             Began as a Centaur Hunter on July 15, 2017.
             Slain by an iguana (11 damage)
             ... on level 3 of the Dungeon.
             The game lasted 00:04:19 (2399 turns).

vishdafish the Shooter (Centaur Hunter)             Turns: 2399, Time: 00:04:20

Health: -2/37      AC:  4    Str: 16    XL:     4   Next: 15%
Magic:  4/4        EV:  9    Int: 10    God:
Gold:   156        SH:  0    Dex:  9    Spells: 3/3 levels left

rFire    . . .     SeeInvis .   q - +0 glaive
rCold    . . .     Gourm    .   (shield currently unavailable)
rNeg     . . .     Faith    .   c - +0 leather armour
rPois    .         Spirit   .   (no helmet)
rElec    .         Reflect  .   (no cloak)
rCorr    .         Harm     .   (no gloves)
MR       .....                  (no barding)
Stlth    +.........             (no amulet)
Regen    0.2/turn               (no ring)
MPRegen  0.1/turn               (no ring)

@: very quick
A: hooves 3, deformed body, speed 2, tough skin 3
a: no special abilities


You were on level 3 of the Dungeon.
You were hungry.

You visited 1 branch of the dungeon, and saw 3 of its levels.

You collected 156 gold pieces.

Inventory:

Hand Weapons
 a - a +1 shortbow
 b - a +0 short sword
 q - a +0 glaive (weapon)
Missiles
 d - 35 arrows
Armour
 c - a +0 leather armour (worn)
Scrolls
 e - 2 scrolls of immolation {unknown}
 h - a scroll of enchant weapon {unknown}
 j - 3 scrolls of teleportation {unknown}
 k - a scroll of random uselessness {unknown}
 m - 5 scrolls of identify {unknown}
 r - a scroll of amnesia {unknown}
 s - a scroll of remove curse {unknown}
Potions
 g - 3 potions of curing {unknown}
 i - a potion of flight {unknown}
 p - a potion of heal wounds {unknown}
Books
 o - a book of Spatial Translocations

   Spells                             Type                      Level
   a - Blink                          Translocation                2
   b - Shroud of Golubria             Charms/Translocation         2
   c - Lesser Beckoning               Translocation                3
   d - Gell's Gravitas                Translocation                3
   e - Teleport Other                 Translocation                3
   f - Passage of Golubria            Translocation                4
Comestibles
 f - a bread ration
 l - 2 meat rations
 n - 5 fruits


   Skills:
 + Level 2.7 Fighting
 - Level 0.3 Short Blades
 + Level 0.0 Polearms
 * Level 6.8 Bows
 - Level 0.5 Armour
 - Level 1.3 Dodging
 - Level 0.4 Stealth


You had 3 spell levels left.
You didn't know any spells.

Dungeon Overview and Level Annotations

Branches:
Dungeon (3/15)

Altars:
Vehumet


Innate Abilities, Weirdness & Mutations

You have hooves in place of feet.
Armour fits poorly on your strangely shaped body.
You cover ground very quickly.
You have extremely tough skin. (AC +3)


Message History

There is an open door here.
You now have 156 gold pieces (gained 8).
Vehumet rains destruction down upon you!
The puff of frost hits you!
s - a scroll labeled ENIOLE DEAFFUT
l - 2 meat rations (gained 1)
You open the door.
There is an open door here.
n - 5 fruits (gained 2)
You open the door.
An iguana comes into view.
The iguana hisses angrily.
There is an open door here.
An iguana is nearby!
The iguana hisses menacingly.
You closely miss the iguana. The iguana bites you. The iguana bites you!
You barely miss the iguana. The iguana bites you!
* * * LOW HITPOINT WARNING * * *
The iguana bites you!
You die...

..# #.##.....#+#.#......# #.#.#
..# #.##.........#......# #.#.##
..# #............#......###.....
..# #.#####......+.........##.##
######.# #......#########......
.......# #......# #...#.#.
.......# #......## #####...#.#.
.......# #...l...# #...#...#.#.
.......#########@..###...........
...............'...'.+.......#.#.
###......#######...###...#..##.#.
#......# #...# ##'##.....#.
#......# #...# #.########.
####'### ##### #.......... #.#
#..#######. ######.# #..# #..>
.....#.# #..#####.#.


You could see an iguana.

Vanquished Creatures
  An adder (D:3)
  2 oozes
  A worm (D:2)
  2 dart slugs
  3 giant cockroaches (D:2)
  8 hobgoblins
  6 jackals (D:1)
  2 quokkas (D:2)
  8 bats
  A frilled lizard (D:1)
  3 goblins
  9 kobolds
  7 rats
53 creatures vanquished.

Notes
Turn   | Place    | Note
-------+----------+-------------------------------------------
     0 | D:1      | vishdafish the Centaur Hunter began the quest for the Orb.
     0 | D:1      | Reached XP level 1. HP: 17/17 MP: 1/1
   278 | D:1      | Reached XP level 2. HP: 24/24 MP: 2/2
   320 | D:1      | Reached skill level 6 in Bows
   526 | D:1      | Reached XP level 3. HP: 30/30 MP: 3/3
   874 | D:2      | Found a faded altar of an unknown god.
  1010 | D:2      | Became a worshipper of Vehumet
  1010 | D:2      | Reached * piety under Vehumet
  1010 | D:2      | Offered knowledge of Flame Tongue by Vehumet.
  1911 | D:3      | Reached XP level 4. HP: 30/37 MP: 4/4
  2036 | D:3      | Fell from the grace of Vehumet
  2399 | D:3      | Slain by an iguana

Skill      XL: |  1  2 |
---------------+-------+-----
Bows           | 6 |  6.8
Fighting       | |  2.7
Short Blades   | |  0.3
Armour         | |  0.5
Dodging        | |  1.3
Stealth        | |  0.4

Action                   |  1- 3 |  4- 6 || total
-------------------------+-------+-------++-------
Melee: Short sword       |    58 |     4 ||    62
       Kick              |    14 |       ||    14
       Glaive            |       |     4 ||     4
 Fire: Shortbow          |    77 |     7 ||    84
Invok: Renounce Religion |       |     1 ||     1
  Eat: Chunk             |     1 |     1 ||     2
Armor: Leather armour    |    35 |     5 ||    40
Dodge: Dodged            |    41 |     4 ||    45
